 Dungeon Sprint DCSS version 0.17-a0-1718-g72dbe4d (webtiles) character file.

1872 Kidiri the Covert (level 8, -2/36 HPs)
             Began as a Spriggan Enchanter on Aug 26, 2015.
             Was a Believer of Dithmenos.
             Slain by an earth elemental (38 damage)
             ... in the Dungeon (Sprint III: "The Ten Rune Challenge").
             The game lasted 00:04:24 (823 turns).

Kidiri the Covert (Spriggan Enchanter)               Turns: 823, Time: 00:04:24

Health: -2/36      AC:  3    Str:  4    XL:     8   Next: 91%
Magic:  2/23       EV: 29    Int: 17    God:    Dithmenos [**....]
Gold:   47         SH:  0    Dex: 18    Spells: 5 memorised, 16 levels left

rFire  . . .     SeeInvis +     k - +1 dagger (holy)
rCold  . . .     Clarity  .     b - +1 robe
rNeg   . . .     SustAt   .     (shield restricted)
rPois  .         Gourm    .     (helmet restricted)
rElec  .         Spirit   .     (no cloak)
rCorr  .         Warding  .     (gloves unavailable)
rMut   .         NoTele   +     (boots unavailable)
MR     +....                    (no amulet)
Stlth  +++++++++.               (no ring)
                                (no ring)

@: wreathed by umbra, very quick, somewhat resistant to hostile enchantments,
incredibly stealthy
A: unfitting armour, see invisible, herbivore 3, speed 3, slow metabolism 2
a: Shadow Step, Renounce Religion


You were in the Dungeon.
You worshipped Dithmenos.
Dithmenos was pleased with you.
You were not hungry.

You visited 1 branch You collected 47 gold pieces.

Inventory:

Hand weapons
 k - a +1 dagger of holy wrath (weapon)
Armour
 b - a +1 robe (worn)
Scrolls
 j - a scroll of blinking
 l - a scroll of torment
 m - a scroll of identify
 p - a scroll of holy word
 q - a scroll of remove curse
Potions
 a - a potion of might
 e - 2 potions of curing
 f - a potion of heal wounds
 g - 3 potions of haste
 h - 2 potions of magic
 i - 2 potions of berserk rage
 n - a potion of cure mutation
 o - 3 potions of flight
Comestibles
 c - a royal jelly
 d - 2 bread rations


   Skills:
 + Level 7.0 Short Blades
 * Level 12.6 Dodging
 * Level 14.0 Stealth
 * Level 10.9 Spellcasting
 + Level 4.1 Conjurations
 + Level 8.7 Hexes
 + Level 4.8 Ice Magic
 - Level 3.2 Invocations


You had 16 spell levels left.
You knew the following spells:

 Your Spells              Type           Power        Failure   Level  Hunger
a - Corona                Hex            #####..      1%          1    None
b - Ensorcelled Hibernat  Hex/Ice        ####..       1%          2    None
c - Confuse               Hex            #####...     1%          3    None
d - Tukima's Dance        Hex            #####...     1%          3    None
e - Dazzling Spray        Conj/Hex       ####....     1%          3    None


Dungeon Overview and Level Annotations

Branches:
Dungeon (1/1)

Altars:
Cheibriados
Dithmenos
Elyvilon
Fedhas
Gozag
Kikubaaqudgha
Makhleb
Nemelex Xobeh
Okawaru
Qazlal
Ru
Sif Muna
Trog
Vehumet
Xom
Yredelemnul
Zin
The Shining One
Jiyva
Lugonu


Innate Abilities, Weirdness & Mutations

You are tiny and cannot use many weapons and most armour.
You have supernaturally acute eyesight.
You are a herbivore.
You cover ground extremely quickly.
You need consume almost no food.


Message History

Your magical contamination has completely faded away.
You hit the earth elemental but do no damage.
The earth elemental is heavily damaged.
You hit the earth elemental but do no damage.
The earth elemental is heavily damaged.
The earth elemental barely misses you.
You hit the earth elemental.
The earth elemental is heavily damaged.
You hit the earth elemental but do no damage.
The earth elemental is heavily damaged.
You hit the earth elemental but do no damage.
The earth elemental is heavily damaged.
The earth elemental completely misses you.
You hit the earth elemental but do no damage.
The earth elemental is heavily damaged.
You hit the earth elemental but do no damage.
The earth elemental is heavily damaged.
The earth elemental hits you!!!
Ouch! That really hurt!
You die...

▓▓▓▓ ▓▓▓ .♣.♣ ♣.############
..♣♣ ♣.#___#__[#__# ..♣♣
♣.#)..#.%)#._#
..≈♣♣♣♣♣.###+#+###+##
.≈≈..♣♣..#..........#
≈≈≈≈♣.♣♣.'.⌠....@E..#
≈≈≈≈≈≈...#...######'#
≈≈≈≈≈....#.⌠.#__#...#+#########
≈≈≈≈.....#...#__#...#§§§§§§.#.+
≈≈.......#+###__#...#§#§§§#.#.#
.........#.))#__#...'.#.§§#.#.#
.........#___#_.+...#.#§§.#...#
▓▓▓▓▓▓▓▓▓▓▓▓▓▓▓▓▓▓▓▓▓▓▓▓▓▓▓▓▓▓▓


You could see an earth elemental.

Vanquished Creatures
  Josephine (D)
  A deep elf priest (D)
  A shadow (D)
  A spatial vortex (D)
  A necrophage (D)
  A water elemental (D)
  A scorpion (D)
  A wizard (D)
  A jelly (D)
  Jessica (D)
  A necromancer (D)
  A kobold demonologist (D)
  3 humans (D)
  An ooze (D)
  2 rats (D)
18 creatures vanquished.

Vanquished Creatures (others)
  2 draconian scorchers (D)
  A yaktaur (D)
3 creatures vanquished.

Grand Total: 21 creatures vanquished

Notes
Turn   | Place    | Note
--------------------------------------------------------------
     0 | D        | Kidiri the Spriggan Enchanter began the quest for the Orb.
     0 | D        | Reached XP level 1. HP: 9/9 MP: 5/5
    11 | D        | Reached skill level 5 in Stealth
    16 | D        | Noticed Jessica
    21 | D        | Killed Jessica
    21 | D        | Reached skill level 5 in Dodging
    21 | D        | Reached skill level 6 in Stealth
    21 | D        | Reached XP level 2. HP: 13/13 MP: 6/8
    21 | D        | Reached XP level 3. HP: 16/16 MP: 6/9
    25 | D        | Learned a level 2 spell: Ensorcelled Hibernation
    29 | D        | Learned a level 3 spell: Confuse
    33 | D        | Learned a level 3 spell: Tukima's Dance
    76 | D        | Reached skill level 7 in Stealth
    81 | D        | Killed a yaktaur
   254 | D        | Killed a white draconian scorcher
   257 | D        | Killed a white draconian scorcher
   275 | D        | Noticed a scorpion
   289 | D        | Killed a scorpion
   289 | D        | Reached skill level 8 in Stealth
   289 | D        | Reached skill level 5 in Spellcasting
   289 | D        | Reached skill level 5 in Hexes
   289 | D        | Reached skill level 1 in Ice Magic
   289 | D        | Reached XP level 4. HP: 21/21 MP: 6/12
   294 | D        | Learned a level 3 spell: Dazzling Spray
   311 | D        | Gained mutation: You occasionally shout uncontrollably at your foes. [potion of mutation]
   311 | D        | Gained mutation: Your muscles are strong. (Str +2) [potion of mutation]
   312 | D        | Gained mutation: Your body sometimes deteriorates upon taking damage. [potion of mutation]
   312 | D        | Gained mutation: Your body often deteriorates upon taking damage. [potion of mutation]
   312 | D        | Gained mutation: You can spit weak poison. [potion of mutation]
   313 | D        | Gained mutation: You have sharp toenails. [potion of mutation]
   313 | D        | Lost mutation: Your muscles are strong. (Str +2) [potion of mutation]
   313 | D        | Gained mutation: You are frail (-10% HP). [potion of mutation]
   314 | D        | Lost mutation: You can spit weak poison. [potion of cure mutation]
   314 | D        | Lost mutation: You have sharp toenails. [potion of cure mutation]
   314 | D        | Lost mutation: Your body often deteriorates upon taking damage. [potion of cure mutation]
   314 | D        | Lost mutation: You are frail (-10% HP). [potion of cure mutation]
   315 | D        | Lost mutation: You occasionally shout uncontrollably at your foes. [potion of cure mutation]
   315 | D        | Lost mutation: Your body sometimes deteriorates upon taking damage. [potion of cure mutation]
   369 | D        | Noticed a water elemental
   371 | D        | Killed a water elemental
   371 | D        | Reached skill level 9 in Stealth
   371 | D        | Reached skill level 1 in Conjurations
   371 | D        | Reached XP level 5. HP: 24/24 MP: 12/14
   381 | D        | Noticed a jelly
   382 | D        | Noticed a shadow
   384 | D        | Killed a shadow
   384 | D        | Reached skill level 10 in Stealth
   384 | D        | Reached XP level 6. HP: 28/28 MP: 13/17
   388 | D        | Killed a jelly
   413 | D        | Found a stormy altar of Qazlal.
   413 | D        | Noticed a spatial vortex
   414 | D        | Found a sacrificial altar of Ru.
   414 | D        | Found a burning altar of Makhleb.
   414 | D        | Found a viscous altar of Jiyva.
   414 | D        | Found a shimmering altar of Xom.
   414 | D        | Found a shadowy altar of Dithmenos.
   414 | D        | Found a sparkling altar of Nemelex Xobeh.
   414 | D        | Found a corrupted altar of Lugonu.
   414 | D        | Found an opulent altar of Gozag.
   418 | D        | Became a worshipper of Dithmenos the Shadowed
   423 | D        | Killed a spatial vortex
   423 | D        | Reached skill level 5 in Short Blades
   423 | D        | Reached skill level 11 in Stealth
   423 | D        | Reached skill level 1 in Invocations
   474 | D        | Found a radiant altar of Vehumet.
   475 | D        | Found a deep blue altar of Sif Muna.
   475 | D        | Found an ancient bone altar of Kikubaaqudgha.
   475 | D        | Noticed a wizard
   476 | D        | Killed a wizard
   478 | D        | Reached skill level 10 in Dodging
   478 | D        | Reached XP level 7. HP: 32/32 MP: 20/20
   494 | D        | Found a glowing silver altar of Zin.
   495 | D        | Found a glowing golden altar of the Shining One.
   495 | D        | Found a white marble altar of Elyvilon.
   495 | D        | Noticed a deep elf priest
   497 | D        | Killed a deep elf priest
   497 | D        | Reached skill level 12 in Stealth
   508 | D        | Found an iron altar of Okawaru.
   509 | D        | Found a bloodstained altar of Trog.
   509 | D        | Noticed a human
   509 | D        | Noticed a human
   512 | D        | Killed a human
   514 | D        | Killed a human
   514 | D        | Reached XP level 8. HP: 36/36 MP: 16/22
   549 | D        | Found a snail-covered altar of Cheibriados.
   549 | D        | Noticed a necrophage
   550 | D        | Found a basalt altar of Yredelemnul.
   550 | D        | Found a blossoming altar of Fedhas.
   550 | D        | Noticed a necromancer
   551 | D        | Killed a necrophage
   551 | D        | Acquired Dithmenos's first power
   552 | D        | Killed a necromancer
   612 | D        | Noticed Josephine
   614 | D        | Killed Josephine
   614 | D        | Reached skill level 14 in Stealth
   614 | D        | Reached skill level 10 in Spellcasting
   626 | D        | Noticed an earth elemental
   823 | D        | Slain by an earth elemental

Vault maps used:
D:        dungeon_sprint_mu

Action                   |  1- 3 |  4- 6 |  7- 9 || total
-------------------------+-------+-------+-------++-------
Melee: Dagger            |    11 |     6 |    21 ||    38
 Cast: Ensorcelled Hiber |     4 |       |     2 ||     6
       Dazzling Spray    |       |     1 |    16 ||    17
  Use: Potion            |       |     5 |       ||     5
       Scroll            |       |     3 |       ||     3
 Stab: Sleeping          |     5 |     6 |     6 ||    17
